[Event "Titled Tuesday Blitz August 31 2021"]
[White "Suarez Uriel, Adrian"]
[Black "Arabidze, Meri"]
[WhiteFideId "22230874"]
[BlackFideId "13604040"]
[WhiteElo "2300"]
[BlackElo "2432"]
[Result "1-0"]
[Round "04"]
[TimeControl "180+1"]
[Date "2021.08.31"]
[WhiteClock "0:00:17"]
[BlackClock "0:00:02"]

1. e4 c5 2. Ne2 e6 3. Nbc3 Nc6 4. d4 cxd4 5. Nxd4 a6 6. Nxc6 bxc6 7. Bd3 d5 8. O-O Nf6 9. Re1 Bb7 10. h3 Be7 11. Bg5 O-O 12. Qf3 c5 13. exd5 exd5 14. Rad1 Ra7 15. Qf5 Bc8 16. Qe5 d4 17. Ne4 Nxe4 18. Qxe4 f5 19. Qxe7 Rxe7 20. Bxe7 Qd5 21. Bxf8 Kxf8 22. b3 Qd6 23. Re2 Bd7 24. Rde1 a5 25. a4 g6 26. Re5 Kg7 27. Bc4 Kh6 28. Rd5 Qc6 29. Ree5 Kg5 30. Rxc5 Qb6 31. Rcd5 Bc8 32. Rxa5 Qb4 33. Bd3 Qd2 34. Bf1 Bb7 35. Rac5 Qc1 36. b4 Kf4 37. b5 Be4 38. a5 Qa1 39. a6 h5 40. h4 Qa2 41. g3+ Kg4 42. Rxe4+ fxe4 43. Rg5+ Kf3 44. Bg2+ Ke2 45. Bxe4 Qb1+ 46. Kh2 Kf1 47. Rxg6 Kxf2 48. Rf6+ Ke3 49. Bg2 Qxb5 50. a7 d3 51. cxd3 Qxd3 52. Rf3+ Kd2 53. Rxd3+ 1-0


[Site "https://www.chess.com"]

[Event "Titled Tuesday Blitz August 31 2021"]
[White "TanitoluwaAps116"]
[Black "Bacrot, Etienne"]
[BlackFideId "605506"]
[WhiteElo "2540"]
[BlackElo "2673"]
[Result "0-1"]
[Round "04"]
[TimeControl "180+1"]
[Date "2021.08.31"]
[WhiteClock "0:00:03"]
[BlackClock "0:00:09"]

1. d4 Nf6 2. c4 c5 3. d5 b5 4. cxb5 a6 5. bxa6 g6 6. Nc3 Bxa6 7. e4 Bxf1 8. Kxf1 d6 9. g3 Bg7 10. Kg2 O-O 11. Nf3 Nbd7 12. Re1 Ng4 13. Qc2 Qa5 14. Bd2 Qa6 15. b3 Rfb8 16. Rab1 Nge5 17. Nxe5 Nxe5 18. a4 Nd3 19. Re3 Nb4 20. Qd1 Bd4 21. Rf3 Nd3 22. Nb5 Rxb5 23. axb5 Qxb5 24. Bc3 Nxf2 25. Rxf2 Bxc3 26. Qf3 Bf6 27. g4 Rf8 28. Rbf1 Bd4 29. Re2 f6 30. Rd1 Ra8 31. g5 fxg5 32. Qg4 Rf8 33. Qe6+ Kg7 34. Red2 Rf7 35. Rd3 Qa6 36. Qg4 Rf2+ 37. Kg3 Qa2 38. Qh3 Be5+ 39. Kg4 Rg2+ 40. Kf3 Qf2# 0-1


[Site "https://www.chess.com"]

[Event "Titled Tuesday Blitz August 31 2021"]
[White "Tologon tegin, Semetei"]
[Black "Assaubayeva, Bibisara"]
[WhiteFideId "13800574"]
[BlackFideId "13708694"]
[WhiteElo "2224"]
[BlackElo "2232"]
[Result "0-1"]
[Round "04"]
[TimeControl "180+1"]
[Date "2021.08.31"]
[WhiteClock "0:00:15"]
[BlackClock "0:00:38"]

1. e4 c5 2. Be2 d6 3. f4 g6 4. Nf3 Bg7 5. O-O Nc6 6. c3 Nf6 7. d3 O-O 8. Kh1 c4 9. Be3 cxd3 10. Bxd3 e5 11. Na3 Ng4 12. Bd2 exf4 13. Bxf4 Nce5 14. Be2 Be6 15. Nb5 Qb6 16. Nbd4 Qxb2 17. Nxe6 fxe6 18. Ng5 Rxf4 19. Rxf4 Ne3 20. Qc1 Qxe2 21. Qg1 Bh6 22. Rf2 Qg4 23. Nf3 Nxf3 24. Rxf3 Nc4 25. Qd4 Ne5 26. Rg3 Qe2 27. Qxd6 Bf4 28. Qxe6+ Kg7 29. Rh3 Rf8 30. Qe7+ Rf7 31. Qh4 h5 32. c4 Bg3 33. hxg3 Rf1+ 34. Rxf1 Qxf1+ 35. Kh2 Ng4+ 36. Qxg4 hxg4 37. Rh4 Qxc4 38. Rxg4 Qxa2 39. e5 Qe6 40. Re4 a5 41. g4 b5 42. Kg3 a4 43. Kf4 a3 44. Rb4 a2 45. Rxb5 a1=Q 46. Rb7+ Qf7+ 47. Rxf7+ Kxf7 0-1


[Site "https://www.chess.com"]

[Event "Titled Tuesday Blitz August 31 2021"]
[White "Ulko, Jaroslav"]
[Black "Karavade, Eesha"]
[WhiteFideId "4116658"]
[BlackFideId "5012600"]
[WhiteElo "2304"]
[BlackElo "2258"]
[Result "1-0"]
[Round "04"]
[TimeControl "180+1"]
[Date "2021.08.31"]
[WhiteClock "0:00:13"]
[BlackClock "0:00:18"]

1. d4 Nf6 2. Nf3 d5 3. c4 e6 4. Nc3 Bb4 5. cxd5 exd5 6. Bg5 h6 7. Bxf6 Qxf6 8. Qb3 c5 9. e3 O-O 10. a3 Bxc3+ 11. Qxc3 Nd7 12. Be2 b6 13. O-O Bb7 14. Rac1 c4 15. Nd2 b5 16. Bf3 Qe6 17. Rfe1 Nf6 18. b3 Rfc8 19. bxc4 bxc4 20. Rb1 Bc6 21. Rec1 Rcb8 22. h3 Rb6 23. Qa5 Rab8 24. Qxa7 Rxb1 25. Rxb1 Rxb1+ 26. Nxb1 Qf5 27. Qb8+ Kh7 28. Qb2 Ba4 29. Nc3 Bb3 30. a4 g5 31. a5 h5 32. a6 g4 33. hxg4 hxg4 34. Be2 Qd7 35. Qa3 g3 36. a7 gxf2+ 37. Kf1 Ne4 38. Nxe4 dxe4 39. a8=Q 1-0


[Site "https://www.chess.com"]

[Event "Titled Tuesday Blitz August 31 2021"]
[White "Vachier-Lagrave, Maxime"]
[Black "Musovic, Armin"]
[WhiteFideId "623539"]
[BlackFideId "939935"]
[WhiteElo "2850"]
[BlackElo "2250"]
[Result "1-0"]
[Round "04"]
[TimeControl "180+1"]
[Date "2021.08.31"]
[WhiteClock "0:01:42"]
[BlackClock "0:00:53"]

1. d4 d5 2. Bf4 c5 3. e3 Nc6 4. c3 a6 5. Nd2 Nf6 6. Ngf3 Bg4 7. Qb3 Bxf3 8. Nxf3 Na5 9. Qc2 cxd4 10. exd4 e6 11. Bd3 Bd6 12. Ne5 O-O 13. O-O Rc8 14. Rae1 Nc6 15. Qe2 Re8 16. Qf3 Bxe5 17. dxe5 Nd7 18. Bb1 Nf8 19. Qg3 Ng6 20. Bg5 f6 21. exf6 gxf6 22. Bh6 Qc7 23. f4 f5 24. h4 Kh8 25. h5 Nf8 26. Re3 Qf7 27. Qg5 Ne7 28. Rg3 Neg6 29. hxg6 Nxg6 30. Re1 Rg8 31. Qh5 Rc4 32. Bg5 Qg7 33. Rxe6 d4 34. Qxh7+ Qxh7 35. Bf6+ 1-0


[Site "https://www.chess.com"]

[Event "Titled Tuesday Blitz August 31 2021"]
[White "Viani Antonio Dcunha"]
[Black "Moroni, Luca Jr"]
[WhiteFideId "5027330"]
[BlackFideId "865834"]
[WhiteElo "2366"]
[BlackElo "2491"]
[Result "0-1"]
[Round "04"]
[TimeControl "180+1"]
[Date "2021.08.31"]
[WhiteClock "0:00:03"]
[BlackClock "0:00:04"]

1. d4 g6 2. Nf3 Bg7 3. Bf4 d6 4. e3 Nf6 5. h3 b6 6. Nbd2 Bb7 7. Be2 O-O 8. O-O Nbd7 9. c3 Re8 10. Bh2 e5 11. a4 a5 12. Qb3 e4 13. Ne1 h5 14. Nc2 Nh7 15. f3 exf3 16. Bxf3 Bxf3 17. Nxf3 Ndf6 18. Rae1 Qd7 19. Re2 Ne4 20. Nce1 Qe6 21. d5 Qd7 22. Nd3 Nhf6 23. Nd4 Nc5 24. Nxc5 bxc5 25. Nb5 Ne4 26. Qc2 f5 27. Rd1 Kh7 28. Rb1 c6 29. dxc6 Qxc6 30. Rd1 Rad8 31. c4 Re6 32. Rd3 d5 33. Nc7 d4 34. Nxe6 Qxe6 35. Kh1 Rd7 36. exd4 Bxd4 37. Bg1 Qe5 38. Bxd4 cxd4 39. Kg1 Qd6 40. Qd1 Nc5 41. Rf3 d3 42. Ree3 Qd4 43. Kh1 Qxc4 44. Rf2 Ne4 45. Rf4 d2 46. Kh2 Qc7 47. g3 Qc1 48. Rf1 Qxb2 0-1


[Site "https://www.chess.com"]

[Event "Titled Tuesday Blitz August 31 2021"]
[White "Visakh N R"]
[Black "Aditya Mittal"]
[WhiteFideId "25012223"]
[BlackFideId "35042025"]
[WhiteElo "2428"]
[BlackElo "2171"]
[Result "1-0"]
[Round "04"]
[TimeControl "180+1"]
[Date "2021.08.31"]
[WhiteClock "0:00:31"]
[BlackClock "0:00:08"]

1. c4 Nf6 2. Nc3 e5 3. g3 Bb4 4. Bg2 O-O 5. Nf3 e4 6. Nd4 Nc6 7. Nxc6 dxc6 8. Nxe4 Nxe4 9. Bxe4 Bh3 10. e3 Re8 11. Bxh7+ Kxh7 12. Qh5+ Kg8 13. Qxh3 Qd3 14. Qf1 Qc2 15. Qe2 Rad8 16. a3 Bf8 17. O-O Rd3 18. Qg4 g6 19. a4 Bg7 20. Ra3 Rxa3 21. bxa3 Qxa4 22. Qd7 Rf8 23. Qxc7 Qxc4 24. Qxb7 a5 25. d4 a4 26. Bd2 Re8 27. Rc1 Qd3 28. Qxc6 Re6 29. Qc3 Qe2 30. Qc2 Rf6 31. Be1 Qb5 32. Rb1 Qd7 33. Rb4 Rc6 34. Qxa4 Qd5 35. Qa8+ Kh7 36. Rb6 Rc5 37. Qxd5 Rxd5 38. a4 f5 39. a5 f4 40. gxf4 g5 41. fxg5 Rxg5+ 42. Kf1 Rh5 43. a6 1-0


[Site "https://www.chess.com"]

[Event "Titled Tuesday Blitz August 31 2021"]
[White "Vlassov, Nikolai"]
[Black "Shubenkova, Veronika"]
[WhiteFideId "4103360"]
[BlackFideId "44124040"]
[WhiteElo "2407"]
[BlackElo "1882"]
[Result "1/2-1/2"]
[Round "04"]
[TimeControl "180+1"]
[Date "2021.08.31"]
[WhiteClock "0:00:09"]
[BlackClock "0:00:26"]

1. e4 c6 2. d4 d5 3. e5 Bf5 4. Nc3 e6 5. g4 Bg6 6. Nge2 c5 7. Be3 cxd4 8. Nxd4 Nc6 9. Bb5 Qd7 10. f4 Bb4 11. O-O Bxc3 12. bxc3 Be4 13. Rb1 Nge7 14. c4 O-O 15. f5 a6 16. Bxc6 Nxc6 17. cxd5 Qxd5 18. Nf3 Qxd1 19. Rbxd1 exf5 20. gxf5 Bxf5 21. c4 Rfd8 22. Rd6 Re8 23. Bf4 h6 24. c5 Bg4 25. Kg2 Bxf3+ 26. Rxf3 Nxe5 27. Rb3 Ng6 28. Bg3 Re7 29. Rdb6 Re2+ 30. Kf3 Rxa2 31. Rxb7 Rc2 32. Bd6 a5 33. Rb8+ Rxb8 34. Rxb8+ Kh7 35. Ra8 Nh4+ 36. Ke4 f5+ 37. Kd5 Nf3 38. c6 Rd2+ 39. Ke6 Nd4+ 40. Kd5 Nb5+ 41. Kc5 Nxd6 42. c7 Ne4+ 43. Kb6 Nd6 44. Rd8 f4 45. Kc6 f3 46. Rxd6 Rc2+ 47. Kb7 Rb2+ 48. Ka7 Rc2 49. Kb7 Rb2+ 50. Ka7 Rc2 51. Kb7 1/2-1/2


[Site "https://www.chess.com"]

[Event "Titled Tuesday Blitz August 31 2021"]
[White "Wagner, Dennis"]
[Black "Krysa, Leandro"]
[WhiteFideId "24650684"]
[BlackFideId "116807"]
[WhiteElo "2807"]
[BlackElo "2621"]
[Result "1/2-1/2"]
[Round "04"]
[TimeControl "180+1"]
[Date "2021.08.31"]
[WhiteClock "0:00:16"]
[BlackClock "0:00:05"]

1. e4 c5 2. c3 Nf6 3. e5 Nd5 4. Nf3 Nc6 5. Bc4 Nb6 6. Bb3 d6 7. exd6 Qxd6 8. O-O Bf5 9. d4 cxd4 10. cxd4 e6 11. Nc3 Be7 12. d5 exd5 13. Nxd5 Nxd5 14. Qxd5 Qxd5 15. Bxd5 O-O 16. Bxc6 bxc6 17. Be3 Bf6 18. Bd4 Be4 19. Bxf6 Bxf3 20. Bxg7 Bxg2 21. Bxf8 Bxf1 22. Kxf1 Kxf8 23. Rc1 Rb8 24. b3 Rb6 25. Rc5 Ke7 26. Ke2 Ra6 27. a4 Rb6 28. Rc3 Kd6 29. Kd2 Rb4 30. Rh3 h5 31. Kc3 Rf4 32. Rxh5 Rxf2 33. h4 Rh2 34. Kb4 Rh3 35. Rh7 f5 36. Rxa7 Rxh4+ 37. Ka5 f4 38. Rf7 Ke6 39. Rf8 Ke7 40. Rf5 Ke6 41. Rc5 f3 42. Rxc6+ Ke5 43. b4 f2 44. Rc1 Re4 45. Rf1 Re2 46. Kb6 Kd5 47. a5 Kc4 48. b5 Re6+ 49. Kc7 Kxb5 50. Rxf2 Kxa5 51. Rf5+ Kb4 52. Kd7 Re3 53. Rf6 Kc3 54. Rd6 Rd3 55. Rxd3+ Kxd3 1/2-1/2


[Site "https://www.chess.com"]

[Event "Titled Tuesday Blitz August 31 2021"]
[White "Weetik, Vjacheslav"]
[Black "Ovchinnikov, Vsevolod"]
[WhiteFideId "4153472"]
[BlackFideId "24176842"]
[WhiteElo "2469"]
[BlackElo "2376"]
[Result "0-1"]
[Round "04"]
[TimeControl "180+1"]
[Date "2021.08.31"]
[WhiteClock "0:00:05"]
[BlackClock "0:00:18"]

1. d4 Nf6 2. Bf4 g6 3. Nf3 Bg7 4. Nc3 d6 5. e4 Nfd7 6. Qd2 e5 7. Bg5 f6 8. Be3 Nc6 9. a3 Nb6 10. h3 O-O 11. O-O-O exd4 12. Nxd4 Nxd4 13. Bxd4 Be6 14. h4 f5 15. h5 Bxd4 16. Qxd4 Qf6 17. hxg6 hxg6 18. Qd2 f4 19. g3 Kg7 20. Bd3 Rf7 21. Rh4 g5 22. Rh2 Rh8 23. Rxh8 Kxh8 24. Kb1 Kg7 25. Rg1 Kf8 26. Ne2 fxg3 27. Rxg3 Qxf2 28. Qxg5 Qf1+ 29. Nc1 Qf6 30. Qh5 Ke7 31. Rg6 Qe5 32. Qh6 Nd7 33. b3 Nf8 34. Rg5 Qf6 35. Qh5 Rh7 0-1


[Site "https://www.chess.com"]

[Event "Titled Tuesday Blitz August 31 2021"]
[White "Yeletsky, Ivan"]
[Black "Prraneeth Vuppala"]
[WhiteFideId "24180327"]
[BlackFideId "46622373"]
[WhiteElo "2344"]
[BlackElo "1759"]
[Result "1-0"]
[Round "04"]
[TimeControl "180+1"]
[Date "2021.08.31"]
[WhiteClock "0:02:16"]
[BlackClock "0:00:15"]

1. Nf3 d5 2. d3 Nf6 3. g3 g6 4. Bg2 Bg7 5. O-O O-O 6. Bf4 c5 7. c4 Nc6 8. Ne5 Nh5 9. Nxc6 bxc6 10. Bc1 Rb8 11. Qc2 Qb6 12. Nc3 e6 13. Na4 Qa5 14. Bd2 Qc7 15. Rab1 Qe7 16. b3 Bd7 17. Bc1 Rfc8 18. Ba3 f5 19. Bxc5 Qf7 20. Bxa7 Rb7 21. Bc5 e5 22. Nb6 Rcb8 23. cxd5 Rxb6 24. Bxb6 Rxb6 25. dxc6 Bc8 26. Qc5 Qc7 27. a4 Bf8 28. Qc4+ Kh8 29. b4 Nf6 30. b5 f4 31. a5 1-0


[Site "https://www.chess.com"]

[Event "Titled Tuesday Blitz August 31 2021"]
[White "Yordanov, Nikolay Plamenov"]
[Black "Quintiliano Pinto, Renato R."]
[WhiteFideId "2907445"]
[BlackFideId "2117568"]
[WhiteElo "2248"]
[BlackElo "2439"]
[Result "0-1"]
[Round "04"]
[TimeControl "180+1"]
[Date "2021.08.31"]
[WhiteClock "0:00:06"]
[BlackClock "0:00:16"]

1. d4 d5 2. Bf4 Nf6 3. e3 c5 4. Nf3 Nc6 5. Nbd2 e6 6. c3 Be7 7. Bd3 Nh5 8. Bg3 g6 9. Qe2 O-O 10. O-O Nxg3 11. hxg3 Bd7 12. g4 Qc7 13. Bb5 a6 14. Bxc6 Bxc6 15. g5 Bb5 16. c4 dxc4 17. a4 Bc6 18. Qxc4 b5 19. axb5 Bxb5 20. Qc3 Bxf1 21. Rxf1 Rac8 22. Ne4 cxd4 23. Qxd4 Rfd8 24. Nf6+ Bxf6 25. Qxf6 Qc2 26. Qf4 Rd1 27. Rxd1 Qxd1+ 28. Kh2 Qc2 29. Ne5 Qf5 30. Qg3 h6 31. f4 hxg5 32. fxg5 Kg7 33. Nf3 Rh8+ 34. Kg1 Qb1+ 35. Ne1 Qxb2 36. Qf4 Qa1 37. Kf2 Rc8 38. Nf3 Rc5 39. Qh4 Kg8 40. Qh2 Rc2+ 41. Kg3 Qc3 42. Qg1 Qc7+ 43. Kh3 Rc1 44. Qf2 Rh1+ 45. Kg4 Qc4+ 46. Nd4 Qd3 47. Qf6 Qe4+ 48. Kg3 Qh4+ 49. Kf3 Rf1+ 50. Ke2 Rxf6 51. gxf6 Qxf6 0-1


[Site "https://www.chess.com"]

[Event "Titled Tuesday Blitz August 31 2021"]
[White "Zemach, Roee"]
[Black "Gutenev, Alexander"]
[WhiteFideId "2818531"]
[BlackFideId "4195540"]
[WhiteElo "2131"]
[BlackElo "2432"]
[Result "0-1"]
[Round "04"]
[TimeControl "180+1"]
[Date "2021.08.31"]
[WhiteClock "0:00:07"]
[BlackClock "0:01:21"]

1. d4 Nf6 2. Nf3 g6 3. Bf4 Bg7 4. e3 b6 5. Be2 Bb7 6. O-O O-O 7. h3 d6 8. c3 Nbd7 9. Nbd2 Ne4 10. Bh2 e5 11. a4 a5 12. Nxe4 Bxe4 13. Nd2 Bb7 14. Bf3 Qc8 15. Qb3 Re8 16. Rfd1 h6 17. Bd5 Bxd5 18. Qxd5 Nf6 19. Qc6 Qd7 20. Qxd7 Nxd7 21. Nc4 f5 22. dxe5 Nxe5 23. Bxe5 Bxe5 24. g3 Kf7 25. Rd2 Bf6 26. Kg2 Re4 27. Rd4 Bxd4 28. cxd4 Re7 29. Rc1 Ke6 30. Na3 Kd7 31. h4 Ree8 32. Kf3 g5 33. h5 c6 34. Nc4 Reb8 35. d5 cxd5 36. Na3 Rc8 37. Rd1 Ke6 38. Nb5 Rc4 39. b3 Rc5 40. Rd3 Rac8 41. Nd4+ Ke5 42. Kg2 Ke4 43. Rd2 g4 44. Ne6 Rc2 45. Rd4+ Ke5 46. Nf4 R8c5 47. Nd3+ Kf6 48. Nxc5 Rxc5 49. b4 Rc4 50. bxa5 Rxd4 51. exd4 bxa5 52. f4 gxf3+ 53. Kxf3 Kg5 54. Ke3 Kg4 55. Kf2 f4 56. gxf4 Kxf4 0-1


[Site "https://www.chess.com"]

[Event "Titled Tuesday Blitz August 31 2021"]
[White "ketster"]
[Black "Rustemov, Alexander"]
[BlackFideId "4119002"]
[WhiteElo "2535"]
[BlackElo "2763"]
[Result "1/2-1/2"]
[Round "04"]
[TimeControl "180+1"]
[Date "2021.08.31"]
[WhiteClock "0:00:09"]
[BlackClock "0:00:02"]

1. d4 d5 2. c4 e6 3. Nc3 Be7 4. cxd5 exd5 5. Bf4 c6 6. e3 Bf5 7. g4 Be6 8. Be2 Nd7 9. h3 f5 10. gxf5 Bxf5 11. Bh5+ g6 12. Bg4 Bxg4 13. hxg4 Bb4 14. Nf3 Qe7 15. Qb3 Ngf6 16. g5 Ne4 17. Ke2 Bxc3 18. bxc3 O-O 19. c4 Rxf4 20. exf4 Ng3+ 21. Kd2 Nxh1 22. Rxh1 Qe4 23. Qe3 Qf5 24. c5 Rf8 25. Re1 Qxf4 26. Qxf4 Rxf4 27. Re3 b6 28. cxb6 Nxb6 29. Ke2 Nc4 30. Re8+ Kf7 31. Ra8 Re4+ 32. Kf1 a5 33. Rc8 Rf4 34. Ke2 Re4+ 35. Kf1 Re6 36. Rc7+ Kg8 37. Rc8+ Kg7 38. Rc7+ Kg8 39. Rc8+ Kf7 40. Rc7+ Re7 41. Rxc6 Rb7 42. Rc5 Ke6 43. Rc6+ Kf5 44. Rc5 Ke4 45. Kg2 Rb2 46. Rc7 Ne3+ 47. Kg3 Nf5+ 48. Kg2 Ne3+ 49. Kg3 Nf5+ 50. Kg2 Nxd4 51. Re7+ Kd3 52. Ne5+ Kd2 53. Rd7 Rxa2 54. Rxd5 Kc3 55. Rc5+ Kb3 56. Rc7 a4 57. Rxh7 Nf5 58. Ra7 a3 59. Nxg6 Ra1 60. Ne5 a2 61. Nd3 Kc3 62. Nc5 Nd4 63. g6 Nf5 64. Ne4+ Kb2 65. Nc5 Rc1 66. Nd3+ Kb1 67. Nxc1 a1=Q 68. Rxa1+ Kxa1 69. Nd3 Nh4+ 70. Kh3 Nxg6 71. Kg4 Kb1 72. Nf4 Ne5+ 73. Kf5 Nf3 74. Nd5 Kc2 75. Kf4 Ne1 76. Ne3+ Kd2 77. Ke4 Ke2 78. f4 Nf3 79. f5 Nh4 80. f6 Ng6 81. Nf5 Nf8 82. Ne7 Kf2 83. Kf5 Ke3 84. Ng6 Nd7 85. Ke6 Nxf6 1/2-1/2


[Site "https://www.chess.com"]

[Event "Titled Tuesday Blitz August 31 2021"]
[White "stanyga"]
[Black "Martic, Ivan"]
[BlackFideId "929301"]
[WhiteElo "2680"]
[BlackElo "2335"]
[Result "1-0"]
[Round "04"]
[TimeControl "180+1"]
[Date "2021.08.31"]
[WhiteClock "0:00:05"]
[BlackClock "0:00:07"]

1. d4 Nf6 2. c4 g6 3. Nc3 Bg7 4. e4 d6 5. Nf3 O-O 6. Be2 e5 7. d5 a5 8. h3 Na6 9. Be3 Nc5 10. Nd2 Bd7 11. g4 a4 12. h4 h6 13. g5 hxg5 14. Bxg5 Qe8 15. h5 Nh7 16. Be3 Qe7 17. Qc2 a3 18. b3 f5 19. hxg6 Ng5 20. O-O-O Na6 21. Bxg5 Qxg5 22. Qd3 fxe4 23. Nxe4 Qf4 24. Kb1 Bf5 25. Qf3 Nc5 26. Qh5 Rf6 27. Bd3 Bxe4 28. Nxe4 Nxe4 29. Qh7+ Kf8 30. Rh4 Nc3+ 31. Kc2 Qxf2+ 32. Rd2 Qg1 33. Kxc3 e4 34. Rxe4 Rf2+ 35. Kb4 Rxd2 36. Rf4+ Ke8 37. Qg8+ Kd7 38. Qe6+ Kd8 39. Qg8+ Kd7 40. Qxg7+ Kc8 41. Rf8# 1-0


[Site "https://www.chess.com"]

[Event "Titled Tuesday Blitz August 31 2021"]
[White "Aditya Mittal"]
[Black "Shishkov, Andrei"]
[WhiteFideId "35042025"]
[BlackFideId "4500563"]
[WhiteElo "2171"]
[BlackElo "2322"]
[Result "1-0"]
[Round "05"]
[TimeControl "180+1"]
[Date "2021.08.31"]
[WhiteClock "0:00:09"]
[BlackClock "0:00:01"]

1. d4 Nf6 2. c4 e6 3. Nc3 Bb4 4. f3 O-O 5. a3 Bxc3+ 6. bxc3 Ne8 7. e4 Nc6 8. Bd3 b6 9. Ne2 Ba6 10. e5 Na5 11. Qc2 f5 12. exf6 Nxf6 13. Bg5 h6 14. Bh4 Bxc4 15. Bg6 Nc6 16. Ng3 Ne7 17. Nh5 Nxh5 18. Bxh5 g5 19. Bg3 Nf5 20. O-O-O d6 21. Rde1 Qf6 22. Bf2 c5 23. Qe4 Bd5 24. Qd3 cxd4 25. cxd4 Rac8+ 26. Kb2 Rc4 27. Rc1 Rfc8 28. Rxc4 Rxc4 29. Rc1 b5 30. Rxc4 bxc4 31. Qc3 Kg7 32. Bg4 Ne7 33. Bg3 Nc6 34. Bxd6 Nxd4 35. Be7 Qxe7 36. Qxd4+ Qf6 37. Kc3 Qxd4+ 38. Kxd4 Kf6 39. Bh5 a5 40. Be8 g4 41. fxg4 Bxg2 42. h4 Bf1 43. Ba4 e5+ 44. Ke3 Ke6 45. Bc2 Kd5 46. g5 hxg5 47. hxg5 Ke6 48. Kd2 Kd5 49. Kc3 Ke6 50. Be4 Be2 51. Kd2 Bf1 52. Bc2 1-0


[Site "https://www.chess.com"]

[Event "Titled Tuesday Blitz August 31 2021"]
[White "Alavkin, Arseny"]
[Black "Erdogdu, Mert"]
[WhiteFideId "4120612"]
[BlackFideId "6301495"]
[WhiteElo "2391"]
[BlackElo "2485"]
[Result "0-1"]
[Round "05"]
[TimeControl "180+1"]
[Date "2021.08.31"]
[WhiteClock "0:00:20"]
[BlackClock "0:00:13"]

1. d4 d5 2. c4 e6 3. Nc3 c5 4. cxd5 exd5 5. Nf3 Nc6 6. g3 Nf6 7. Bg2 Be7 8. O-O O-O 9. Bg5 cxd4 10. Nxd4 h6 11. Be3 Re8 12. Nb3 Be6 13. Rc1 Qd7 14. Nc5 Bxc5 15. Bxc5 Rad8 16. Re1 d4 17. Na4 Bh3 18. Bh1 Qf5 19. Qd3 Ne4 20. Bf3 Qg6 21. b3 Bf5 22. Qd1 b5 23. Nb2 Nc3 24. Qd2 Nxa2 25. Ra1 Nc3 26. Bxa7 Ne5 27. Bxd4 Nxf3+ 28. exf3 Rxe1+ 29. Qxe1 Rxd4 30. Qxc3 Qd6 31. Qe1 Be6 32. Qc3 Rb4 33. Ra3 Rd4 34. Ra1 Bh3 35. Qc2 Qd5 36. Qc3 Rd2 37. Rc1 Rxb2 38. Qe3 Rxb3 39. Qf4 Rxf3 40. Qh4 Rc3 0-1


[Site "https://www.chess.com"]

[Event "Titled Tuesday Blitz August 31 2021"]
[White "Andreikin, Dmitry"]
[Black "Hansen, Sune Berg"]
[WhiteFideId "4158814"]
[BlackFideId "1400266"]
[WhiteElo "2782"]
[BlackElo "2721"]
[Result "1-0"]
[Round "05"]
[TimeControl "180+1"]
[Date "2021.08.31"]
[WhiteClock "0:00:47"]
[BlackClock "0:00:18"]

1. Nf3 d5 2. e3 Nf6 3. c4 e6 4. Nc3 Be7 5. b3 O-O 6. Bb2 c5 7. cxd5 exd5 8. d4 Nc6 9. Be2 Ne4 10. dxc5 Bf6 11. Rc1 Qa5 12. Nd4 Nxc5 13. Nxc6 bxc6 14. O-O Ne6 15. Qe1 Qd8 16. Qd2 Bd7 17. Rfd1 Re8 18. Na4 Bxb2 19. Qxb2 Qg5 20. Bf3 h5 21. Nc5 Nxc5 22. Rxc5 h4 23. Qd4 h3 24. g3 a5 25. Qf4 Qg6 26. e4 dxe4 27. Rg5 Qe6 28. Bg4 1-0


[Site "https://www.chess.com"]

[Event "Titled Tuesday Blitz August 31 2021"]
[White "Arabidze, Meri"]
[Black "Gabdushev, Ruslan"]
[WhiteFideId "13604040"]
[BlackFideId "4137833"]
[WhiteElo "2432"]
[BlackElo "2312"]
[Result "1-0"]
[Round "05"]
[TimeControl "180+1"]
[Date "2021.08.31"]
[WhiteClock "0:00:06"]
[BlackClock "0:00:01"]

1. d4 c6 2. c4 Qa5+ 3. Nc3 g5 4. e4 Bg7 5. Be3 d6 6. Qd2 g4 7. Nge2 h5 8. h3 gxh3 9. g3 h4 10. O-O-O hxg3 11. Nxg3 Bg4 12. Be2 Bxe2 13. Qxe2 Nd7 14. Nf5 Bf8 15. Qf3 e6 16. Ng3 Bh6 17. Nge2 Bxe3+ 18. fxe3 Qh5 19. Qg3 Qh6 20. Nf4 Ngf6 21. Rxh3 Qf8 22. Rdh1 Rg8 23. Qf3 O-O-O 24. Kb1 Nb6 25. Nd3 Nfd7 26. b3 Rg7 27. Rh7 Qg8 28. Rxg7 Qxg7 29. Rf1 f6 30. Qh3 Re8 31. Nf4 e5 32. Ne6 Qh8 33. Qf5 exd4 34. exd4 Qg8 35. d5 cxd5 36. exd5 Kb8 37. Nb5 Qg3 38. Qf3 Qe5 39. Qf4 a6 40. Qxe5 dxe5 41. Nd6 Rg8 42. Nf5 Rg2 43. Ne3 Re2 44. Ng4 a5 45. Nxf6 a4 46. Nxd7+ Nxd7 47. bxa4 Nb6 48. d6 Rd2 49. c5 Nxa4 50. Rf3 Rd5 51. Nc7 Rd2 52. Rf8+ 1-0


[Site "https://www.chess.com"]

[Event "Titled Tuesday Blitz August 31 2021"]
[White "Assaubayeva, Bibisara"]
[Black "Ovezdurdyyeva, Jemal"]
[WhiteFideId "13708694"]
[BlackFideId "14001888"]
[WhiteElo "2232"]
[BlackElo "1946"]
[Result "0-1"]
[Round "05"]
[TimeControl "180+1"]
[Date "2021.08.31"]
[WhiteClock "0:00:03"]
[BlackClock "0:00:16"]

1. c4 Nf6 2. Nc3 g6 3. e4 d6 4. d4 Bg7 5. Be2 O-O 6. Be3 e5 7. d5 a5 8. g4 Na6 9. h4 c6 10. h5 cxd5 11. cxd5 Nc5 12. f3 Bd7 13. Qd2 Rc8 14. Nh3 gxh5 15. g5 Ne8 16. Nf2 f5 17. gxf6 Nxf6 18. Rg1 Kh8 19. Nd3 Nxd3+ 20. Bxd3 h4 21. Bh6 Nh5 22. Bxg7+ Nxg7 23. O-O-O Qf6 24. Kb1 h3 25. Bb5 Rxc3 26. Bxd7 Rxf3 27. Qxa5 Qf4 28. Qc7 Qxe4+ 29. Ka1 h2 30. Rxg7 h1=Q 31. Ba4 Rf1 32. Rg1 Qxg1 0-1


[Site "https://www.chess.com"]

[Event "Titled Tuesday Blitz August 31 2021"]
[White "Bacrot, Etienne"]
[Black "Ulko, Jaroslav"]
[WhiteFideId "605506"]
[BlackFideId "4116658"]
[WhiteElo "2673"]
[BlackElo "2304"]
[Result "1-0"]
[Round "05"]
[TimeControl "180+1"]
[Date "2021.08.31"]
[WhiteClock "0:00:29"]
[BlackClock "0:00:03"]

1. e4 c5 2. Nf3 e6 3. g3 Nc6 4. Bg2 Nf6 5. Nc3 e5 6. d3 h6 7. O-O d6 8. Nh4 g6 9. f4 exf4 10. gxf4 Bg4 11. Qe1 Nd4 12. e5 dxe5 13. fxe5 Nh5 14. Ne4 Nxc2 15. Qf2 Qd4 16. Rb1 Qxf2+ 17. Nxf2 Bc8 18. Bd2 Be7 19. Nf3 Be6 20. Rbc1 Nb4 21. a3 Nc6 22. Ne4 Kf8 23. Nxc5 Kg7 24. Nxb7 Rac8 25. Nd6 Bxd6 26. exd6 Rhd8 27. Bc3+ Kh7 28. Ne5 1-0


[Site "https://www.chess.com"]

[Event "Titled Tuesday Blitz August 31 2021"]
[White "Begunov, Konstantin"]
[Black "Mirzoev, Azer"]
[WhiteFideId "4118510"]
[BlackFideId "13400304"]
[WhiteElo "2262"]
[BlackElo "2525"]
[Result "0-1"]
[Round "05"]
[TimeControl "180+1"]
[Date "2021.08.31"]
[WhiteClock "0:00:02"]
[BlackClock "0:00:10"]

1. d4 Nf6 2. c4 c5 3. Nf3 cxd4 4. Nxd4 Qc7 5. Nc3 a6 6. e4 e6 7. Be3 Bb4 8. f3 Nc6 9. Rc1 O-O 10. Be2 b6 11. O-O Bd6 12. g3 Bc5 13. Kg2 Bb7 14. a3 Ne5 15. Qd2 Rfd8 16. Rfd1 Rac8 17. Na4 Nxe4 18. fxe4 Bxe4+ 19. Kg1 Qb7 20. b4 Be7 21. Rf1 Nxc4 22. Bxc4 Rxc4 23. Rxc4 b5 24. Rcc1 bxa4 25. Qf2 f5 26. Ne2 h6 27. Bc5 Bf6 28. Nf4 Bg5 29. Nh5 Bxc1 30. Rxc1 d6 31. Bd4 e5 32. Bb2 Rc8 33. Rd1 Rc2 34. Rd2 Rxd2 35. Qxd2 Qc6 0-1


[Site "https://www.chess.com"]

[Event "Titled Tuesday Blitz August 31 2021"]
[White "Borsuk, Konstantin"]
[Black "Wagner, Dennis"]
[WhiteFideId "14113406"]
[BlackFideId "24650684"]
[WhiteElo "2382"]
[BlackElo "2355"]
[Result "0-1"]
[Round "05"]
[TimeControl "180+1"]
[Date "2021.08.31"]
[WhiteClock "0:01:04"]
[BlackClock "0:00:38"]

1. d4 d5 2. c4 c6 3. Nc3 Nf6 4. e3 Bf5 5. cxd5 cxd5 6. Qb3 Nc6 7. Qxb7 Bd7 8. Qb3 Rb8 9. Qd1 e5 10. dxe5 Nxe5 11. Be2 Bd6 12. Nf3 Nxf3+ 13. Bxf3 Qc7 14. h3 O-O 15. O-O Rfd8 16. Ne2 Bb5 17. Bd2 Ne4 18. Re1 Bh2+ 19. Kf1 Qe5 20. Bc3 d4 21. Bxd4 Rxd4 22. exd4 Ng3+ 23. fxg3 Qe3 0-1


[Site "https://www.chess.com"]